 Dungeon Crawl Stone Soup version 0.27-a0-1189-gb8eb6cee8e (webtiles) character file.

Game seed: 17826540778365716786

110 Aggronaut the Unweaver (level 4, 0/52 HPs)
             Began as a Demonspawn Abyssal Knight on May 23, 2021.
             Was a Follower of Lugonu.
             Slain by a worm (1 damage)
             ... on level 3 of the Dungeon.
             The game lasted 00:04:19 (2609 turns).

Aggronaut the Unweaver (Demonspawn Abyssal Knight)  Turns: 2609, Time: 00:04:20

Health: 0/52       AC: 22    Str: 13    XL:     4   Next: 61%
Magic:  7/7        EV:  2    Int: 14    God:    Lugonu [*.....]
Gold:   71         SH:  4    Dex: 12    Spells: 3/3 levels left

rFire    . . .     SeeInvis .   a - +1 falchion
rCold    . . .     Faith    .   (no shield)
rNeg     + + +     Spirit   .   (armour currently unavailable)
rPois    +         Reflect  .   (helmet currently unavailable)
rElec    .         Harm     .   (cloak currently unavailable)
rCorr    .         Rampage  .   (gloves currently unavailable)
Will     .....     NoTele   +   (boots currently unavailable)
Stlth    +.........             (no amulet)
HPRegen  0.17/turn              (no ring)
MPRegen  0.10/turn              (no ring)

@: tree-form
A: stationary, stasis, torment immunity, boosted hp, condensation shield,
demonic magic 1
a: Renounce Religion, Depart the Abyss


You were on level 3 of the Dungeon.
You worshipped Lugonu.
Lugonu was aware of your devotion.
You were a tree.
You visited 1 branch of the dungeon, and saw 3 of its levels.
You visited the Abyss 1 time.

You collected 71 gold pieces.

Inventory:

Hand Weapons
 a - a +1 falchion (weapon)
Armour
 b - a +0 leather armour (melded)
Jewellery
 h - an amulet of reflection
Scrolls
 c - a scroll of immolation {unknown}
 d - 2 scrolls of enchant weapon {unknown}
 e - a scroll of fear
 g - a scroll of vulnerability
 i - a scroll of blinking {unknown}


   Skills:
 - Level 3.1 Fighting
 + Level 2.7 Long Blades
 - Level 2.1 Armour
 - Level 0.8 Dodging
 * Level 5.0 Invocations


You had 3 spell levels left.
You didn't know any spells.
Your spell library was empty.

Dungeon Overview and Level Annotations

Branches:
Dungeon (3/15)

Altars:

Shops:
D:2 !


Innate Abilities, Weirdness & Mutations

You are a tree.
Your roots penetrate the ground, keeping you stationary.
You cannot be teleported.
You are immune to unholy pain and torment.
Your maximum health is greatly increased.
Your equipment is partially melded.
A meltable shield of frost defends you. (SH +4)
Spells you cast may paralyse adjacent enemies.


Message History

You hit the jackal but do no damage.
The jackal bites you but does no damage. x2
The endoplasm hits you but does no damage.
You block the jackal's attack. x2
You hit the jackal but do no damage.
The jackal bites you but does no damage. x2
The endoplasm freezes you.
You are frozen.
* * * LOW HITPOINT WARNING * * *
The worm completely misses you.
The jackal bites you but does no damage.
The jackal bites you.
* * * LOW HITPOINT WARNING * * *
You barely miss the jackal.
The endoplasm hits you but does no damage.
The jackal bites you but does no damage.
The jackal bites you.
* * * LOW HITPOINT WARNING * * *
The worm bites you but does no damage.
You closely miss the jackal.
The jackal bites you but does no damage. x2
The endoplasm hits you but does no damage.
The jackal bites you but does no damage.
The endoplasm hits you but does no damage.
The jackal barely misses you.
You hit the endoplasm.
You kill the endoplasm!
Lugonu accepts your kill.
The jackal bites you but does no damage.
You block the jackal's attack. The worm bites you.
* * * LOW HITPOINT WARNING * * *
You cannot move.
You cannot move.
You cannot move.
You closely miss the jackal. The jackal barely misses you.
The jackal completely misses you.
You riposte.
You hit the jackal.
The jackal is heavily wounded.
The jackal bites you but does no damage. x2
The worm bites you.
You die...

.....# #...........#......#
.....# ###........#......#
....## ##.......#......#
...## ####...>...#......#
#.## #..................# #.#
###....#..........w...# <.#
#.. ...#.......#####.## ..#
#.# ......†.w..# #.#######
..####.# ...#..h♣h..#
#........
.......#....#.####...#
#........ .###...#....#.#
##....#......... .#
#..........# #.....>...#####
.# #....#....# ##...#..#.#
.###........## .........#
...#........### #...........
.......†......####...........
###.........#.##.............


You could see a worm and 2 jackals.

Vanquished Creatures
  A hound (D:3)
  3 adders
  2 worms
  An orc (D:3)
  5 bats
  5 endoplasms
  A giant cockroach (D:3)
  7 goblins
  3 hobgoblins
  5 jackals (D:3)
  2 quokkas
  3 ball pythons
  A frilled lizard (D:3)
  4 kobolds
  A rat (D:3)
44 creatures vanquished.

Notes
Turn   | Place    | Note
-------+----------+-------------------------------------------
     0 | Abyss:1  | Aggronaut the Demonspawn Abyssal Knight began the quest for
                  | the Orb.
     0 | Abyss:1  | Reached XP level 1. HP: 18/18 MP: 2/2
     9 | Abyss:1  | Found a corrupted altar of Lugonu.
    93 | Abyss:1  | Noticed a large abomination
    94 | D:1      | Escaped the Abyss
   467 | D:1      | Reached * piety under Lugonu
   488 | D:1      | Gained mutation: Spells you cast may paralyse adjacent
                  | enemies. [demonic ancestry]
   488 | D:1      | Reached XP level 2. HP: 17/24 MP: 3/3
   999 | D:1      | Reached skill level 3 in Invocations
  1344 | D:2      | Reached XP level 3. HP: 15/29 MP: 5/5
  1531 | D:2      | Found Toamoisu's Distillery.
  1535 | D:2      | You fall into a shaft and drop 1 floor!
  1546 | D:3      | Reached skill level 4 in Invocations
  1651 | D:3      | HP: 1/29 [poisoned by an adder]
  1659 | D:3      | Gained mutation: A meltable shield of frost defends you.
                  | (SH +4) [demonic ancestry]
  1659 | D:3      | Reached XP level 4. HP: 28/35 MP: 7/7
  2426 | D:3      | Reached skill level 5 in Invocations
  2608 | D:3      | HP: 1/52 [worm (5)]
  2609 | D:3      | Slain by a worm

Illustrated notes

Levels and vault maps discovered:
D:1:      minmay_arrival_loop, layout_loops_corners, corexii_hall_statues_u
D:2:      layout_rooms, serial_shops, nicolae_shop_stone, grunt_ministairs_10
D:3:      layout_rooms

Skill      XL: |  1  2  3  4 |
---------------+-------------+-----
Armour         | 2 |  2.1
Long Blades    | 2 |  2.7
Invocations    | 3 4 5 |  5.0
Fighting       | |  3.1
Dodging        | |  0.8

Action                   |  1- 3 |  4- 6 || total
-------------------------+-------+-------++-------
Melee: Falchion          |    65 |    89 ||   154
Invok: Depart the Abyss  |     1 |       ||     1
  Use: Potion            |     2 |     2 ||     4
       Scroll            |       |     2 ||     2
 Stab: Sleeping          |     1 |       ||     1
Armor: Leather armour    |    21 |    18 ||    39
       Skin              |     7 |    21 ||    28
Dodge: Dodged            |    44 |    54 ||    98
Block: Other             |       |    28 ||    28
       Rpst.: Falchion   |    14 |    10 ||    24

Table legend: (Time is in decaauts)
 A = Elapsed time spent in this place.
 B = Non-inter-level travel time spent in this place.
 C = Inter-level travel time spent in this place.
 D = Time resting spent in this place.
 E = Time spent auto-exploring this place.
 F = Levels seen in this place.
 G = Mean time per level.
                   A        B        C        D        E       F      G
               +--------+--------+--------+--------+--------+-----+--------+
         Total |   2638 |   2615 |     23 |    875 |   1312 |   4 |  659.5 |
       Dungeon |   2544 |   2521 |     23 |    875 |   1220 |   3 |  848.0 |
         Abyss |     94 |     94 |      0 |      0 |     92 |   1 |   94.0 |
               +--------+--------+--------+--------+--------+-----+--------+

Top non-repeatable levels by time:
     D:1: 1231 daAuts
     D:3: 1091 daAuts
     D:2: 221 daAuts
 Abyss:1: 94 daAuts
